AoeStats
← NeessQuiick

Arena

510028478Analyzed
4v4 RM · 3d ago on Sep 29, 2026· 38m 40s· 8 players
Game mode
Random Map
Map size
Large (8 player)
Population
200
Speed
Normal
Resources
Standard
Victory
Conquest
Starting age
Dark Age
Ending age
Imperial Age
RankedLock teamsTeams togetherTeam positionsShared explorationLock speedFull tech treeHidden civsTurbo modeCheats
Victory
Defeat
🇲🇽 Teutons · Mexico
1012
+16
🇨🇳 Celts · China
991
+17
🇦🇷 Britons · Argentina
986
+17
🇯🇵 Khmer · Japan
982
+17
🇦🇷 Lithuanians · Argentina
1046
-18
🇦🇷 Britons · Argentina
1046
-18
🇦🇷 Persians · Argentina
1021
-17
🇦🇷 Bulgarians · Argentina
950
-14
NeessQuiick
10:55 Feudal Age
15:35 Castle Age
13:43 Double-Bit Axe
13:45 Horse Collar
24:12 Wheelbarrow
25:43 Forging
25:33 Scale Mail Armor
30:37 Gold Mining
32:15 Iron Casting
31:55 Chain Mail Armor
31:31 Fletching
31:41 Padded Archer Armor
36:11 Imperial Age
33:29 Loom
36:56 Elite Teutonic Knight
HD
4:34 Loom
12:22 Feudal Age
15:04 Castle Age
13:52 Double-Bit Axe
13:51 Horse Collar
14:39 Gold Mining
17:45 Bow Saw
22:38 Wheelbarrow
24:02 Gold Shaft Mining
23:32 Heavy Plow
24:07 Hand Cart
29:39 Imperial Age
27:05 Stone Mining
28:07 Scale Barding Armor
28:13 Forging
29:22 Stone Shaft Mining
29:21 Chain Barding Armor
31:07 Iron Casting
30:51 Husbandry
31:02 Bloodlines
30:31 Elite Battle Elephant
31:53 Plate Barding Armor
33:08 Blast Furnace
32:18 Fletching
34:00 Conscription
34:38 Ballistics
34:14 Murder Holes
35:21 Chemistry
34:32 Fortified Wall
34:35 Masonry
34:31 Siege Engineers
36:14 Bodkin Arrow
36:24 Tusk Swords
37:10 Double Crossbow
38:27 Bracer
38:28 Padded Archer Armor
38:28 Scale Mail Armor
39:06 Hoardings
aiR
10:59 Feudal Age
16:56 Castle Age
15:42 Double-Bit Axe
16:24 Horse Collar
21:11 Wheelbarrow
23:03 Padded Archer Armor
23:04 Fletching
25:40 Bow Saw
26:02 Crossbowman
29:27 Hand Cart
32:15 Imperial Age
30:44 Leather Archer Armor
30:59 Ballistics
30:40 Bodkin Arrow
32:42 Loom
32:43 Town Watch
32:53 Gold Mining
32:55 Stone Mining
34:07 Two-Man Saw
33:14 Heavy Plow
33:49 Ring Archer Armor
33:20 Bracer
34:44 Chemistry
33:55 Fortified Wall
35:46 Arbalester
Will Troll If Not Arena
10:00 Feudal Age
10:43 Double-Bit Axe
13:43 Castle Age
11:49 Horse Collar
14:53 Bow Saw
19:32 Wheelbarrow
22:36 Hand Cart
22:58 Stone Mining
23:03 Gold Mining
24:13 Heavy Plow
25:27 Gold Shaft Mining
25:02 Loom
25:03 Town Watch
28:50 Imperial Age
26:27 Scale Mail Armor
28:25 Forging
28:30 Chain Mail Armor
28:05 Man-at-Arms
28:30 Gambesons
28:31 Arson
28:07 Pikeman
29:33 Stone Shaft Mining
28:45 Long Swordsman
29:03 Capped Ram
30:30 Conscription
30:21 Furor Celtica
30:44 Plate Mail Armor
30:49 Iron Casting
29:52 Two-Handed Swordsman
30:59 Champion
31:48 Siege Ram
34:20 Blast Furnace
33:34 Guilds
35:05 Heavy Scorpion
LordRunion
8:33 Feudal Age
13:16 Castle Age
12:09 Double-Bit Axe
12:27 Horse Collar
15:56 Fervor
16:30 Wheelbarrow
21:05 Bow Saw
21:44 Loom
23:35 Stone Mining
26:03 Hand Cart
27:18 Heavy Plow
31:34 Imperial Age
29:15 Scale Barding Armor
29:20 Forging
29:14 Town Watch
30:15 Bloodlines
30:06 Husbandry
30:05 Gold Mining
30:53 Stone Shaft Mining
30:25 Hill Forts
31:11 Iron Casting
31:35 Chain Barding Armor
31:43 Fletching
32:10 Town Patrol
32:45 Conscription
33:40 Plate Barding Armor
32:59 Cavalier
34:01 Elite Leitis
35:26 Murder Holes
35:21 Pikeman
36:02 Squires
38:20 Chemistry
VerGoTTA
10:54 Feudal Age
11:23 Double-Bit Axe
18:16 Castle Age
17:27 Scale Mail Armor
19:05 Arson
19:39 Bow Saw
26:46 Chain Mail Armor
31:59 Wheelbarrow
31:18 Gold Mining
31:19 Stone Mining
32:21 Fletching
32:11 Elite Skirmisher
32:56 Thumb Ring
32:56 Bodkin Arrow
33:12 Forging
33:49 Thumb Ring
36:53 Imperial Age
37:05 Hand Cart
36:48 Gambesons
37:04 Squires
36:24 Pikeman
38:06 Halberdier
LeOdez
11:26 Feudal Age
10:09 Loom
15:57 Castle Age
14:09 Double-Bit Axe
14:17 Gold Mining
17:06 Bow Saw
17:06 Horse Collar
23:29 Wheelbarrow
24:19 Stone Mining
25:05 Gold Shaft Mining
25:00 Hand Cart
25:08 Heavy Plow
26:12 Stone Shaft Mining
27:35 Scale Barding Armor
27:42 Forging
28:23 Husbandry
28:34 Bloodlines
28:46 Chain Barding Armor
29:02 Iron Casting
31:48 Murder Holes
34:35 Imperial Age
32:32 Fletching
37:00 Crossbowman
37:46 Thumb Ring
PaaaaatroN
10:43 Feudal Age
11:36 Horse Collar
11:58 Double-Bit Axe
13:32 Wheelbarrow
17:22 Castle Age
16:39 Gold Mining
16:41 Stone Mining
21:25 Bow Saw
22:05 Heavy Plow
22:41 Town Watch
23:41 Hand Cart
28:17 Gold Shaft Mining
31:09 Imperial Age
29:39 Fletching
29:49 Padded Archer Armor
30:00 Forging
29:50 Scale Mail Armor
29:24 Man-at-Arms
29:49 Gambesons
30:10 Long Swordsman
31:55 Ballistics
32:08 Bodkin Arrow
32:28 Leather Archer Armor
32:29 Chain Mail Armor
32:53 Iron Casting
32:33 Chain Mail Armor
32:07 Loom
33:27 Chemistry
32:14 Two-Handed Swordsman
33:01 Champion
39:46 Blast Furnace
39:17 Plate Mail Armor
38:42 Bodkin Arrow
39:03 Leather Archer Armor
38:10 Crossbowman
Connection lost

Rejoining the realm…

Still unreachable

The connection could not be restored.

Session expired

The server has moved on; the page needs a fresh start.